 Dungeon Crawl Stone Soup version 0.32-a0-30-gefbe487952 (webtiles) character file.

Game seed: 13197794257318923374

128 fozzywoppz the Sneak (level 5, -1/30 HPs)
             Began as a Kobold Brigand on Jan 19, 2024.
             Slain by Crazy Yiuf
             ... wielding a +4 quarterstaff of chaos
              (9 damage)
             ... on level 2 of the Dungeon.
             The game lasted 00:05:02 (2057 turns).

fozzywoppz the Sneak (Kobold Brigand)               Turns: 2057, Time: 00:05:03

Health: -1/30      AC:  6    Str:  8    XL:     5   Next: 34%
Magic:  5/5        EV: 13    Int: 12    God:
Gold:   81         SH:  5    Dex: 19    Spells: 4/4 levels left

rFire   . . .        q - +0 dagger (speed)
rCold   . . .        (no shield)
rNeg    . . .        i - +0 ring mail
rPois   .            (no helmet)
rElec   .            c - +0 cloak
rCorr   .            (no gloves)
SInv    .            (no boots)
Will    .....        o - amulet of reflection
Stlth   ++++         (no ring)
HPRegen 0.25/turn    (no ring)
MPRegen 0.09/turn

%: reflection
@: brilliant
A: small, no large weapons, nightstalker 3
a: no special abilities


You were on level 2 of the Dungeon.
You visited 1 branch of the dungeon, and saw 3 of its levels.

You collected 81 gold pieces.

Inventory:

Hand Weapons
 a - a +2 dagger
 p - a +0 short sword
 q - a +0 dagger of speed (weapon)
Missiles
 d - 9 poisoned darts (quivered)
 e - 3 curare-tipped darts
 f - 67 stones
Armour
 c - a +0 cloak (worn)
 i - a +0 ring mail (worn)
Jewellery
 o - an amulet of reflection (around neck)
Scrolls
 h - a scroll of acquirement {unknown}
 j - 2 scrolls of fog
 l - 3 scrolls of teleportation {unknown}
 n - 3 scrolls of identify {unknown}
Potions
 b - a potion of magic
 g - a potion of degeneration {unknown}
 k - a potion of lignification {unknown}
 m - a potion of attraction {unknown}
 r - a potion of berserk rage {unknown}
 s - a potion of brilliance


   Skills:
 - Level 2.1 Fighting
 + Level 4.3 Short Blades
 - Level 2.1 Throwing
 + Level 2.7 Dodging
 + Level 7.2 Stealth


You had 4 spell levels left.
You didn't know any spells.
Your spell library was empty.

Dungeon Overview and Level Annotations

Branches:
Dungeon (3/15)

Altars:
Fedhas
Okawaru

Annotations:
D:2 Crazy Yiuf


Innate Abilities, Weirdness & Mutations

You are small and have problems with some larger weapons.
You are completely attuned to the shadows.


Message History

The helpless rat fails to defend itself.
You stick the rat like a pincushion!!!
You kill the rat!
The helpless rat fails to defend itself.
You perforate the rat like a sieve!!!
You kill the rat!
You see here a rat corpse.
Found a leather armour.
You see here a +0 leather armour.
f - 67 stones (gained 4)
You open the door.
Found a stone staircase leading up.
There is an open door here.
Found a runed translucent door.
Found a hammer.
You open the door.
There is an open translucent door here.
Crazy Yiuf shouts!
You hit Crazy Yiuf.
Crazy Yiuf is lightly wounded.
You hit Crazy Yiuf.
Crazy Yiuf is moderately wounded.
Crazy Yiuf yells, "Action cower green!"
Crazy Yiuf hits you with a +4 quarterstaff of chaos!
You are electrocuted!
You hit Crazy Yiuf but do no damage.
Crazy Yiuf is moderately wounded.
You hit Crazy Yiuf.
Crazy Yiuf is moderately wounded.
You block Crazy Yiuf's attack.
You hit Crazy Yiuf.
Crazy Yiuf is moderately wounded.
Crazy Yiuf hits you with a +4 quarterstaff of chaos!
* * * LOW HITPOINT WARNING * * *
It was a potion of brilliance.
You feel clever all of a sudden. Crazy Yiuf closely misses you.
It was a potion of magic.
Magic courses through your body.
Crazy Yiuf hits you with a +4 quarterstaff of chaos!
You die...

#################
#...............#
#.###############
###.# ..#.#
#############
#.#.########
########.#....##....
..#.#>.....#
#...##..#......#....
..#.#.####.#
#.g@'.####..........
....#.# ### #)..###
##.......<. <...#.#
##### ######....
#.#.#.# ###'#
..#...# #.#
#####.#####
############ #..
..........#
#..........# ###
#####.###.#
#.##......>######
#.# #.#
####'##.......'.....


You could see Crazy Yiuf.

Vanquished Creatures
  An orc priest (D:2)
  2 adders (D:2)
  2 dart slugs (D:1)
  A ribbon worm (D:2)
  4 orcs (D:2)
  4 bats
  4 endoplasms
  8 giant cockroaches
  5 goblins (D:2)
  7 hobgoblins
  7 jackals
  3 kobolds
  6 quokkas
  A ball python (D:1)
  A frilled lizard (D:3)
  7 rats
63 creatures vanquished.

Notes
Turn   | Place    | Note
-------+----------+-------------------------------------------
     0 | D:1      | fozzywoppz the Kobold Brigand began the quest for the Orb.
     0 | D:1      | Reached XP level 1. HP: 12/12 MP: 1/1
    53 | D:1      | Reached XP level 2. HP: 8/17 MP: 2/2
   369 | D:1      | Reached skill level 6 in Stealth
   505 | D:1      | Reached XP level 3. HP: 19/21 MP: 3/3
  1072 | D:2      | Reached XP level 4. HP: 26/26 MP: 4/4
  1142 | D:3      | Found an iron altar of Okawaru.
  1296 | D:3      | Found a blossoming altar of Fedhas.
  1621 | D:2      | Reached skill level 7 in Stealth
  1621 | D:2      | Reached XP level 5. HP: 19/30 MP: 5/5
  2044 | D:2      | Found a runed translucent door.
  2047 | D:2      | Noticed Crazy Yiuf
  2057 | D:2      | Slain by Crazy Yiuf

Illustrated notes

Levels and vault maps discovered:
D:1:      dpeg_arrival_prison, layout_basic, nicolae_the_louvre
D:2:      layout_basic, minmay_fractal_squares_gapless_5,
          uniq_crazy_yiuf_cottage
D:3:      layout_loops_cross, fedhas_altar_3,
          mainiacjoe_overflow_catch_the_wave, due_unseen_surprise, uniq_terence

Skill      XL: |  1  2  3  4 |
---------------+-------------+-----
Short Blades   | 3 4 |  4.3
Stealth        | 6 7 |  7.2
Dodging        | 2 |  2.7
Fighting       | |  2.1
Throwing       | |  2.1

Action                     |  1- 3 |  4- 6 || total
---------------------------+-------+-------++-------
  Melee: Dagger            |    77 |   128 ||   205
         Punch             |     2 |     1 ||     3
    Use: Scroll            |       |     3 ||     3
         Potion            |       |     2 ||     2
   Stab: Sleeping          |    14 |     7 ||    21
         Distracted        |       |     1 ||     1
 Armour: Robe              |    37 |    14 ||    51
         Ring mail         |       |    23 ||    23
  Dodge: Dodged            |    56 |    66 ||   122
  Block: Other             |       |    10 ||    10

Table legend: (Time is in decaauts)
 A = Elapsed time spent in this place.
 B = Non-inter-level travel time spent in this place.
 C = Inter-level travel time spent in this place.
 D = Time resting spent in this place.
 E = Time spent auto-exploring this place.
 F = Levels seen in this place.
 G = Mean time per level.
                   A        B        C        D        E       F      G
               +--------+--------+--------+--------+--------+-----+--------+
         Total |   2003 |   1984 |     19 |     84 |   1316 |   3 |  667.7 |
       Dungeon |   2003 |   1984 |     19 |     84 |   1316 |   3 |  667.7 |
               +--------+--------+--------+--------+--------+-----+--------+

Top non-repeatable levels by time:
     D:1: 951 daAuts
     D:2: 728 daAuts
     D:3: 322 daAuts
